 Dungeon Crawl Stone Soup version 0.31-a0-232-gb1c03b2570 (webtiles) character file.

Game seed: 14429122732161470459

137 qw the Shooter (level 5, -5/41 HPs)
             Began as a Minotaur Hexslinger on July 6, 2023.
             Slain by a worm (11 damage)
             ... on level 2 of the Dungeon.
             The game lasted 00:00:31 (1610 turns).

qw the Shooter (Minotaur Hexslinger)                Turns: 1610, Time: 00:00:32

Health: -5/41      AC:  2    Str: 12    XL:     5   Next: 0%
Magic:  5/5        EV: 12    Int: 10    God:
Gold:   68         SH:  5    Dex: 15    Spells: 5/6 levels left

rFire   . . .        a - +1 sling
rCold   . . .        (no shield)
rNeg    . . .        c - +0 robe
rPois   .            (helmet restricted)
rElec   .            (no cloak)
rCorr   .            (no gloves)
SInv    .            (no boots)
Will    .....        e - amulet of reflection
Stlth   +            (no ring)
HPRegen 0.26/turn    (no ring)
MPRegen 0.09/turn

%: reflection
@: no status effects
A: horns 2, retaliatory headbutt
a: no special abilities


You were on level 2 of the Dungeon.
You visited 1 branch of the dungeon, and saw 2 of its levels.

You collected 96 gold pieces.
You spent 28 gold pieces at shops.


Innate Abilities, Weirdness & Mutations

You have a pair of horns on your head.
You reflexively headbutt those who attack you in melee.


   Skills:
 + Level 2.3 Fighting
 - Level 5.4 Ranged Weapons
 - Level 2.1 Dodging
 - Level 1.0 Spellcasting
 - Level 2.0 Hexes


You had 5 spell levels left.
You knew the following spells:

 Your Spells              Type           Power      Damage    Failure   Level
a - Slow                  Hex            16%        N/A       16%         1

Your spell library contained the following spells:

 Spells                   Type           Power      Damage    Failure   Level
 Inner Flame              Hex/Fire       2%         N/A       56%         3
 Portal Projectile        Hex/Tloc       4%         N/A       56%         3
 Cause Fear               Hex            2%         N/A       83%         4

Inventory:

Hand Weapons
 a - a +1 sling (weapon)
Armour
 c - a +0 robe (worn)
Jewellery
 e - an amulet of reflection (around neck)
Scrolls
 b - a scroll of immolation {unknown}
 d - 4 scrolls of identify
 f - 3 scrolls of brand weapon {unknown}
 g - a scroll of fear {unknown}
 h - a scroll of blinking {unknown}
 j - a scroll of noise {unknown}
 k - a scroll of torment {unknown}
Potions
 i - a potion of mutation {unknown}

Dungeon Overview and Level Annotations

Branches:
Dungeon (2/15)

Altars:

Shops:
D:1 =:?


Message History

You shoot a sling bullet.
The sling bullet barely misses the worm.
You shoot a sling bullet.
The sling bullet hits the worm but does no damage.
The worm barely misses you. You furiously retaliate!
You headbutt the worm! You shoot a sling bullet.
The sling bullet hits the worm!
The worm is severely wounded.
You block the worm's attack.
You shoot a sling bullet.
The sling bullet barely misses the worm.
You shoot a sling bullet. The sling bullet hits the worm.
The worm is severely wounded.
You block the worm's attack.
You shoot a sling bullet.
The sling bullet barely misses the worm.
The worm bites you.
You shoot a sling bullet. The sling bullet hits the worm.
The worm is severely wounded.
The worm bites you.
You shoot a sling bullet.
The sling bullet hits the worm but does no damage.
The worm is severely wounded.
The worm bites you! The worm misses you. You furiously retaliate!
You headbutt the worm! You shoot a sling bullet.
The sling bullet hits the worm.
You kill the worm!
You have reached level 5!
You shoot a sling bullet. The sling bullet hits the worm.
The worm is severely wounded.
You block the worm's attack. The worm bites you!
You shoot a sling bullet.
The sling bullet barely misses the worm.
The worm completely misses you. You furiously retaliate!
You headbutt the worm. You shoot a sling bullet.
The sling bullet barely misses the worm.
You block the worm's attack. The worm bites you!
You shoot a sling bullet.
The sling bullet barely misses the worm.
The worm bites you!
You die...

### ...# ....#
.....#####
^.....#..##
.^........##
......ww...#
#@...# #....#
#....# #....#
#####...##
..>......# ###
..........#
..##
#..........#
7.<#
###..........#


You could see 2 worms.

Vanquished Creatures
  A phantom (D:2)
  2 adders (D:2)
  2 worms (D:2)
  2 dart slugs (D:1)
  3 bats (D:1)
  An endoplasm (D:2)
  2 giant cockroaches
  5 goblins
  A hobgoblin (D:1)
  4 kobolds (D:1)
  4 quokkas
  3 ball pythons
  3 frilled lizards
  8 rats
41 creatures vanquished.

Notes
Turn   | Place    | Note
-------+----------+-------------------------------------------
     0 | D:1      | qw the Minotaur Hexslinger began the quest for the Orb.
     0 | D:1      | Reached XP level 1. HP: 16/16 MP: 1/1
     0 | D:1      | 0 ||| qw: Version: 0.3-a-46-gb1f654a
     0 | D:1      | 0 ||| qw: Game counter: 1965
     0 | D:1      | 0 ||| qw: Melee chars always use a shield: true
     0 | D:1      | 0 ||| qw: God list: Okawaru
     0 | D:1      | 0 ||| qw: Allow faded altars: false
     0 | D:1      | 0 ||| qw: Do Orc after clearing Dungeon:15 true
     0 | D:1      | 0 ||| qw: Do second Lair branch before Depths: true
     0 | D:1      | 0 ||| qw: Lair rune preference: random
     0 | D:1      | 0 ||| qw: Goals: Normal
     0 | D:1      | 0 ||| PLANNING D:1-11
    70 | D:1      | Found Faomelye's Jewellery Boutique.
    75 | D:1      | 75 ||| SHOPLISTING amulet of faith (560 gold, have 0).
    75 | D:1      | 75 ||| SHOPLISTING amulet of reflection (420 gold, have 0).
    75 | D:1      | 75 ||| SHOPLISTING ring of see invisible (210 gold, have
                  | 0).
    75 | D:1      | 75 ||| SHOPLISTING ring of willpower (350 gold, have 0).
   115 | D:1      | Found Hoitoan's Assorted Antiques.
   123 | D:1      | Reached skill level 3 in Ranged Weapons
   163 | D:1      | Reached XP level 2. HP: 23/23 MP: 2/2
   216 | D:1      | Found Areocsoi's Book Emporium.
   532 | D:1      | Found Acoeleta's Magic Scroll Shoppe.
   543 | D:1      | 543 ||| SHOPLISTING scroll of brand weapon (133 gold, have
                  | 31).
   543 | D:1      | 543 ||| SHOPLISTING scroll of enchant armour (105 gold,
                  | have 31).
   543 | D:1      | 543 ||| BUYING scroll of identify (28 gold).
   543 | D:1      | Bought a scroll of identify for 28 gold pieces
   543 | D:1      | 543 ||| SHOPLISTING scroll of identify (28 gold, have 3).
   543 | D:1      | 543 ||| SHOPLISTING scroll of teleportation (42 gold, have
                  | 3).
   854 | D:1      | 854 ||| UPGRADING to amulet of reflection.
   859 | D:1      | 859 ||| DROPPING ring of magical power.
   860 | D:1      | 860 ||| DROPPING scroll of poison.
   927 | D:2      | Reached XP level 3. HP: 29/29 MP: 3/3
   981 | D:2      | Found a faded altar of an unknown god.
  1006 | D:2      | Reached skill level 4 in Ranged Weapons
  1224 | D:2      | Noticed a phantom
  1231 | D:2      | 1231 ||| Stepping ~*~*~tactically~*~*~ (water).
  1237 | D:2      | 1237 ||| Stepping ~*~*~tactically~*~*~ (water).
  1237 | D:2      | HP: 5/29 [phantom (5)]
  1241 | D:2      | HP: 2/29 [phantom (4)]
  1242 | D:2      | Killed a phantom
  1243 | D:2      | Reached skill level 5 in Ranged Weapons
  1243 | D:2      | Reached XP level 4. HP: 3/36 MP: 4/4
  1607 | D:2      | Reached XP level 5. HP: 24/41 MP: 5/5
  1609 | D:2      | HP: 6/41 [worm (10)]
  1610 | D:2      | Slain by a worm

Levels and vault maps discovered:
D:1:      lightli_arrival_farm, layout_basic, serial_shops, shop, shop, shop,
          shop
D:2:      wad_river_or_something, layout_rooms, shapermc_ecumenical_altar_gd,
          grunt_ministairs_4, nicolae_wormholes

Skill      XL: |  1  2  3 |
---------------+----------+-----
Ranged Weapons | 3 5 |  5.4
Fighting       | 2 |  2.3
Dodging        | |  2.1
Spellcasting   | |  1.0
Hexes          | |  2.0

Action                     |  1- 3 |  4- 6 || total
---------------------------+-------+-------++-------
   Fire: Sling             |   100 |    27 ||   127
 Armour: Robe              |     1 |       ||     1
  Dodge: Dodged            |    25 |     3 ||    28
  Block: Other             |     6 |     4 ||    10

Table legend:
 A = Non-vault XP
 B = Vault XP
 C = Vault XP percentage of total XP
 D = Non-vault monster count
 E = Vault monster count
 F = Vault count percentage of total count
                 A         B        C        D         E       F
            +---------+---------+-------+---------+---------+-------
      Total |      67 |     130 |  66.0 |      29 |      12 |  29.3
            +---------+---------+-------+---------+---------+-------
        D:1 |      37 |       0 |   0.0 |      20 |       0 |   0.0
        D:2 |      30 |     130 |  81.2 |       9 |      12 |  57.1
            +---------+---------+-------+---------+---------+-------
